 Dungeon Crawl Stone Soup version 0.22.0 (webtiles) character file.

61 BigChef the Skirmisher (level 3, -1/29 HPs)
             Began as a Demonspawn Chaos Knight on Aug 29, 2018.
             Slain by a giant cockroach (2 damage)
             ... on level 2 of the Dungeon.
             The game lasted 00:02:15 (831 turns).

BigChef the Skirmisher (Demonspawn Chaos Knight)     Turns: 831, Time: 00:02:16

Health: -1/29      AC:  6    Str: 11 (13) XL:     3   Next: 83%
Magic:  3/3        EV: 16    Int: 12 (13) God:    Xom [..*...]
Gold:   78         SH:  0    Dex: 14 (17) Spells: 2/2 levels left

rFire    . . .     SeeInvis .   a - +0 spear (chaos)
rCold    . . .     Gourm    .   (no shield)
rNeg     . . .     Faith    .   b - +2 leather armour
rPois    .         Spirit   .   (helmet restricted)
rElec    .         Reflect  .   (no cloak)
rCorr    .         Harm     .   l - +0 pair of gloves
MR       .....                  (no boots)
Stlth    ++........             (no amulet)
HPRegen  0.09/turn              (no ring)
MPRegen  0.08/turn              (no ring)

@: agile, drained
A: antennae 1
a: Renounce Religion


You were on level 2 of the Dungeon.
You worshipped Xom.
You were a toy of Xom.
You were not hungry.

You visited 1 branch of the dungeon, and saw 2 of its levels.

You collected 78 gold pieces.

Inventory:

Hand Weapons
 a - a +0 spear of chaos (weapon)
Armour
 b - a +2 leather armour (worn)
 l - a +0 pair of gloves (worn)
Scrolls
 d - 2 scrolls of noise {unknown}
 f - a scroll of fog {unknown}
 g - a scroll of enchant weapon {unknown}
 h - 2 scrolls of blinking {unknown}
 j - a scroll of remove curse {unknown}
Potions
 i - a potion of curing
Comestibles
 c - 3 rations


   Skills:
 + Level 3.4(2.5) Fighting
 + Level 3.3(2.3) Polearms
 + Level 2.6(1.7) Armour
 + Level 1.3(0.4) Dodging


You had 2 spell levels left.
You didn't know any spells.
Your spell library was empty.

Dungeon Overview and Level Annotations

Branches:
Dungeon (2/15)

Altars:
Yredelemnul


Innate Abilities, Weirdness & Mutations

You have a pair of small antennae on your head.


Message History

The hippogriff misses you.
The hippogriff pecks you but does no damage.
The hippogriff claws you but does no damage.
The giant cockroach bites you but does no damage.
You barely miss the hippogriff.
The hippogriff is moderately wounded.
The giant cockroach bites you.
The hippogriff bites you but does no damage.
The hippogriff misses you. The hippogriff completely misses you.
The giant cockroach misses you.
You closely miss the hippogriff.
The hippogriff is moderately wounded.
The hippogriff bites you!
* * * LOW HITPOINT WARNING * * *
A shower of butterflies erupts from you!
The hippogriff pecks you!
* * * LOW HITPOINT WARNING * * *
The hippogriff completely misses you. The giant cockroach bites you.
You die...
Xom is highly amused!

...............##........
......#.#######.........#
...#....#######.##......#
...###......##..##.......
........###....###.......
....#..#####...†........
###......b.....##.......
###....b......#.#.....
###.@........#.#..... #
#.bsH#.......#.#.....
####.####.##§§...........###.
...........§§#§..........# #.
#...$...###§§##...##...####.
#.!..#### ##§...............
..... ..♣♣♣........... ....
.♣# #♣..#.†..... ... .♣
♣..........


You could see a hippogriff and a giant cockroach.

Vanquished Creatures
  2 adders (D:2)
  A dart slug (D:1)
  3 leopard geckos
  2 giant cockroaches
  8 hobgoblins
  2 kobolds (D:1)
  2 ball pythons (D:1)
  A ball python skeleton (D:2)
  3 frilled lizards
  10 goblins
  3 rats
37 creatures vanquished.

Notes
Turn   | Place    | Note
-------+----------+-------------------------------------------
     0 | D:1      | BigChef the Demonspawn Chaos Knight began the quest for the Orb.
     0 | D:1      | Reached XP level 1. HP: 18/18 MP: 1/1
   100 | D:1      | Gained mutation: You have a pair of small antennae on your head. [demonic ancestry]
   100 | D:1      | Reached XP level 2. HP: 19/24 MP: 2/2
   344 | D:1      | XOM: silly message
   474 | D:1      | Reached XP level 3. HP: 25/29 MP: 3/3
   696 | D:2      | Reached skill level 1 in Dodging
   746 | D:2      | Found a basalt altar of Yredelemnul.
   807 | D:2      | Noticed a hippogriff
   813 | D:2      | XOM: smoke on damage
   823 | D:2      | XOM: smoke on damage
   823 | D:2      | XOM: smoke on damage
   831 | D:2      | XOM: butterfly on damage
   831 | D:2      | HP: 1/29 [hippogriff (7)]
   831 | D:2      | Slain by a giant cockroach

Skill      XL: |  1  2  3 |
---------------+----------+-----
Armour         | 2 |  2.6
Polearms       | 3 |  3.3
Dodging        | 1 |  1.3
Fighting       | |  3.4

Action                   || total
-------------------------++-------
Melee: Spear             ||   132
  Use: Potion            ||     4
Armor: Leather armour    ||    45
Dodge: Dodged            ||    56
